 Dungeon Crawl Stone Soup version 0.26-b1-32-g5d43845318 (webtiles) character file.

Game seed: 432374241323182711

609992 Aviak the Hoplite (level 26, -8/253 (274) HPs)
             Began as a Deep Dwarf Fighter on Jan 8, 2021.
             Was the Champion of Makhleb.
             Blown up by an ancient lich (49 damage)
             ... with a wavering orb of destruction
             ... on level 5 of the Realm of Zot.
             The game lasted 01:36:11 (39619 turns).

Aviak the Hoplite (Deep Dwarf Fighter)             Turns: 39619, Time: 01:36:12

HP:   -8/253 (274)  AC: 34    Str: 34    XL:     26   Next: 73%
MP:   0/5 (14)      EV:  6    Int: 11    God:    Makhleb [******]
Gold: 1930          SH:  0    Dex: 12    Spells: 25/25 levels left

rFire    + + +     SeeInvis .   I - +9 broad axe (vorpal)
rCold    + + .     Faith    .   Y - +0 tower shield
rNeg     + . .     Spirit   +   b - +5 gold dragon scales {rF+ rC+ rPois}
rPois    +         Reflect  .   v - +0 helmet
rElec    +         Harm     .   p - +1 cloak {rPois}
rCorr    .         Rampage  .   J - +1 pair of gloves
Will     +++..     Rnd*Rage +   (no boots)
Stlth    ..........             u - amulet of Omikh {Spirit rF+ rC+ MP-9}
HPRegen  0.00/turn              e - +6 ring of strength
MPRegen  0.09/turn              F - ring of protection from fire

@: lethally poisoned (-8 -> -8), no potions, held, non-regenerating, hasted and
slowed, drained
A: damage resistance, heal wounds, berserk 1, low mp 1, mutation resistance 1,
negative energy resistance 1, sense surroundings 3, electricity resistance, weak
1, no regeneration
}: 3/15 runes: decaying, serpentine, silver
a: Heal Wounds, Renounce Religion, Minor Destruction, Lesser Servant of Makhleb,
Major Destruction, Greater Servant of Makhleb


You were on level 5 of the Realm of Zot.
You worshipped Makhleb.
Makhleb was exalted by your worship.
You visited 8 branches of the dungeon, and saw 46 of its levels.
You also visited: Ossuary, Bailey and Ice Cave.

You collected 6315 gold pieces.
You spent 4385 gold pieces at shops.

Inventory:

Hand Weapons
 H - the +9 flail of Evil {elec, Will++}
   (You bought it in a shop on level 7 of the Dungeon)

   Occasionally, upon striking a foe, it can discharge electrical energy and
   cause terrible harm.
   It affects your willpower, your defense against some magical effects.
 I - a +9 vorpal broad axe (weapon)
Armour
 b - +5 gold dragon scales (worn) {rF+ rC+ rPois}
 p - a +1 cloak of poison resistance (worn)
 v - a +0 helmet (worn)
 J - a +1 pair of gloves (worn)
 Y - a +0 tower shield (worn)
Jewellery
 e - a +6 ring of strength (left hand)
 u - the amulet of Omikh (around neck) {Spirit rF+ rC+ MP-9}
   (You found it on level 2 of the Snake Pit)

   [amulet of guardian spirit]

   It causes incoming damage to be split between your health and magic.
   It protects you from fire.
   It protects you from cold.
   It affects your magic capacity (-9).
 y - the ring "Yraumyu" {Will+ Int+8}
   (You found it on level 15 of the Dungeon)

   [ring of willpower]

   It affects your intelligence (+8).
   It affects your willpower, your defense against some magical effects.
 A - a +4 ring of protection
 F - a ring of protection from fire (right hand)
 L - an uncursed amulet of reflection
 R - an uncursed ring of resist corrosion
 Z - an uncursed ring of see invisible
Wands
 a - a wand of disintegration (60)
 m - a wand of paralysis (4)
 Q - a wand of iceblast (17)
 S - a wand of digging (14)
 T - a wand of enslavement (18)
 U - a wand of acid (54)
Scrolls
 i - 11 scrolls of identify
 j - 4 scrolls of immolation
 n - 3 scrolls of fog
 q - 6 scrolls of fear
 r - 22 scrolls of remove curse
 s - 2 scrolls of summoning {!r}
 t - 28 scrolls of teleportation
 z - 2 scrolls of brand weapon
 K - 3 scrolls of torment {!r}
 O - 5 scrolls of magic mapping
 W - 4 scrolls of silence {!r}
 X - a scroll of holy word
Potions
 c - 26 potions of curing
 d - 4 potions of magic
 f - 5 potions of haste
 g - 10 potions of mutation {!q}
 h - 5 potions of heal wounds
 l - 5 potions of cancellation
 o - 9 potions of flight
 w - 5 potions of resistance
 B - 4 potions of berserk rage
 D - 2 potions of might
 G - a potion of invisibility
 M - 3 potions of ambrosia
 P - 6 potions of attraction
Miscellaneous
 k - a tin of tremorstones (inert)
 C - a lightning rod (4/4)
 E - a phantom mirror (inert)
 N - a box of beasts
 V - a phial of floods


   Skills:
 + Level 23.4 Fighting
 - Level 18.3(20.0) Axes
 - Level 13.3(16.8) Maces & Flails
 - Level 19.1 Armour
 - Level 7.2 Dodging
 + Level 24.0 Shields
 - Level 16.0 Invocations
 - Level 18.0 Evocations


You had 25 spell levels left.
You didn't know any spells.
Your spell library contained the following spells:

 Spells                   Type           Power        Failure   Level
 Animate Skeleton         Necr           0%           98%         1
 Apportation              Tloc           0%           98%         1
 Corona                   Hex            0%           98%         1
 Foxfire                  Conj/Fire      0%           98%         1
 Freeze                   Ice            0%           98%         1
 Magic Dart               Conj           0%           98%         1
 Pain                     Necr           0%           98%         1
 Sting                    Tmut/Pois      0%           98%         1
 Summon Small Mammal      Summ           0%           98%         1
 Blink                    Tloc           N/A          99%         2
 Call Imp                 Summ           0%           99%         2
 Corpse Rot               Necr/Air       N/A          99%         2
 Ensorcelled Hibernation  Hex/Ice        0%           99%         2
 Passwall                 Tmut/Erth      0%           99%         2
 Poisonous Vapours        Pois/Air       0%           99%         2
 Searing Ray              Conj           0%           99%         2
 Slow                     Hex            0%           99%         2
 Sublimation of Blood     Necr           0%           99%         2
 Swiftness                Air            0%           99%         2
 Confusing Touch          Hex            0%           100%        3
 Conjure Flame            Conj/Fire      0%           100%        3
 Dazzling Flash           Conj/Hex       0%           100%        3
 Frozen Ramparts          Ice            0%           100%        3
 Ignite Poison            Fire/Tmut/Pois 0%           100%        3
 Inner Flame              Hex/Fire       0%           100%        3
 Mephitic Cloud           Conj/Pois/Air  0%           100%        3
 Ozocubu's Armour         Ice            0%           100%        3
 Portal Projectile        Hex/Tloc       0%           100%        3
 Static Discharge         Conj/Air       0%           100%        3
 Tukima's Dance           Hex            0%           100%        3
 Vampiric Draining        Necr           0%           100%        3
 Animate Dead             Necr           0%           100%        4
 Cause Fear               Hex            0%           100%        4
 Fulminant Prism          Conj/Hex       0%           100%        4
 Hailstorm                Conj/Ice       0%           100%        4
 Iskenderun's Mystic Bla  Conj/Tloc      0%           100%        4
 Olgreb's Toxic Radiance  Pois           0%           100%        4
 Passage of Golubria      Tloc           N/A          100%        4
 Petrify                  Tmut/Erth      0%           100%        4
 Sticky Flame             Conj/Fire      0%           100%        4
 Summon Ice Beast         Ice/Summ       0%           100%        4
 Agony                    Necr           0%           100%        5
 Alistair's Intoxication  Tmut/Pois      0%           100%        5
 Borgnjor's Vile Clutch   Necr/Erth      0%           100%        5
 Fireball                 Conj/Fire      0%           100%        5
 Irradiate                Conj/Tmut      0%           100%        5
 Lee's Rapid Deconstruct  Erth           0%           100%        5
 Lightning Bolt           Conj/Air       0%           100%        5
 Metabolic Englaciation   Hex/Ice        0%           100%        5
 Silence                  Hex/Air        0%           100%        5
 Conjure Ball Lightning   Conj/Air       0%           100%        6
 Death Channel            Necr           0%           100%        6
 Eringya's Noxious Bog    Tmut/Pois      0%           100%        6
 Invisibility             Hex            0%           100%        6
 Simulacrum               Ice/Necr       0%           100%        6
 Dragon Form              Tmut           0%           100%        7
 Malign Gateway           Summ/Tloc      0%           100%        7
 Monstrous Menagerie      Summ           0%           100%        7
 Summon Greater Demon     Summ           0%           100%        7
 Ignition                 Fire           0%           100%        8
 Summon Horrible Things   Summ           0%           100%        8
 Dragon's Call            Summ           0%           100%        9
 Shatter                  Erth           0%           100%        9
 Tornado                  Air            0%           100%        9


Dungeon Overview and Level Annotations

Branches:
Dungeon (15/15)            Temple (0/1) D:6            Lair (6/6) D:8
  Swamp (4/4) Lair:3        Snake (4/4) Lair:3        Slime (0/5) Lair:6
    Orc (2/2) D:9             Elf (0/3) Orc:2        Vaults (5/5) D:13
  Crypt (0/3) Vaults:3     Depths (5/5) D:15            Zot (5/5) Depths:5
Ossuary (visited)          Bailey (visited)           IceCv (visited)

Altars:
Ashenzari
Dithmenos
Elyvilon
Gozag
Makhleb
Okawaru
Qazlal
Sif Muna
Trog
Uskayaw
Vehumet
Wu Jian
Xom
Yredelemnul
Zin
The Shining One
Beogh
Jiyva

Shops:
D:4 *:   D:7 *   D:8 *   D:10 (=(   D:15 !(!   Orc:2 (:*}(   Snake:1 *=*(
Snake:2 *   Snake:3 *   Vaults:3 !   Vaults:4 *   Depths:3 ?

Portals:
Hell: Depths:1 Depths:2 Depths:3 Depths:5
Abyss: Depths:1 Depths:4
Pandemonium: Depths:1 Depths:2 Depths:3
Ziggurat: Depths:2

Annotations:
D:5 1 runed translucent door
D:11 3 runed translucent doors
D:15 1 transporter
Lair:3 3 runed translucent doors, exclusion: 2 oklob plants, Foabaekk's ghost, journeyman GrMo
Snake:1 3 runed translucent doors, exclusion: obsidian statue, TuffENuff's ghost, adept FoFi
Depths:5 exclusions: 2 hell hounds and 3 more exclusions
Zot:4 1 exclusion
Zot:5 3 runed translucent doors, Dirian's ghost, legendary MiFi


Innate Abilities, Weirdness & Mutations

You are resistant to damage.
You can heal yourself by infusing magical energy.
You resist negative energy. (rN+)
You passively map a large area around you.
You do not regenerate.
You tend to lose your temper in combat.
Your magical capacity is low. (-10% MP)
You are somewhat resistant to further mutation.
You are resistant to electric shocks. (rElec)
You are weak. (Str -2)


Message History

The phantasmal warrior blinks!
The ancient lich touches you. You partially resist.
You feel drained. The ancient lich touches you!
* * * LOW HITPOINT WARNING * * *
You partially resist.
You feel drained.
You can move again.
Unknown command.
Unknown command.
Unknown command.
You feel much better. The ancient lich casts a spell at you.
The bolt of negative energy hits the ancient lich.
The ancient lich completely resists.
The bolt of negative energy misses you.
The electric golem fails to trigger a net trap.
The Orb Guardian hits you but does no damage.
The orb of fire glows yellow.
The bolt of fire hits you. You resist.
* * * LOW HITPOINT WARNING * * *
The ancient lich launches a ball of destructive magic.
The wavering orb of destruction weakly hits you!!!
You die...

* , , , , , , , *, , , ,, , , ,
, , , ,^, * ^ *,,, , , , , *
,,,,, , ,, , * , , , , ,, * , ,
, , , ,.##▓▓▓▓▓▓▓▓▓▓▓# *
,....XXL@**W^..### * ,
....WXXL*z##.X..##
.....^....dddzLdW.###§..#######
^..........p*WXdW..###..§.[...^
..........WpWWW....# ##........
.............^...^.# #........
,.................W.# ##.......
^......8p.....8..(..# #.......
.......X.^.^...W...# ##.....^.


You could see 4 orbs of fire, 3 Killer Klowns, an electric golem, 3 ancient
liches, 2 draconians, a yellow draconian, a green draconian, a white draconian,
2 death cobs, 6 Orb Guardians, a phantasmal warrior (summoned), 2 freezing
wraiths, a phantom (summoned) and 6 wraiths.

Vanquished Creatures
  An orb of fire (Zot:5)
  The ghost of PeterLawrence the Conqueror, a veteran MiFi of Okawaru (Vaults:4)
  A Killer Klown (Zot:5)
  Frederick (Vaults:4)
  Saint Roka (Snake:3)
  Margery (Vaults:5)
  6 golden dragons
  Nikola (Depths:3)
  A pearl dragon (Depths:1)
  An electric golem (Zot:2)
  2 liches (Vaults:3)
  13 tentacled monstrosities
  7 Orb Guardians (Zot:5)
  A titan (Vaults:5)
  7 quicksilver dragons
  Gastronok (Lair:3)
  3 death cobs
  4 sphinxes
  Kirke (D:15)
  9 draconian monks
  11 shadow dragons
  6 nagarajas
  11 tengu reavers
  2 fenstrider witches (Swamp:4)
  15 storm dragons
  5 deep elf sorcerers
  3 draconian knights
  5 fire giants
  3 ghost moths
  9 draconian scorchers
  15 frost giants
  A balrug (Depths:5)
  18 vault wardens
  An orc warlord (Vaults:4)
  Aizul (Depths:3)
  8 draconian shifters
  4 iron dragons
  A ghoul (Vaults:1)
  An ophan (Depths:1)
  A reaper (Swamp:4)
  5 draconian stormcallers
  14 ironheart preservers
  7 draconian annihilators
  3 spriggan defenders
  25 stone giants
  8 green draconians
  An apis (Depths:1)
  29 very ugly things
  4 bunyips
  9 black draconians
  5 deep elf annihilators
  2 vampire knights
  4 deep elf demonologists
  18 purple draconians
  8 red draconians
  12 yellow draconians
  10 white draconians
  7 spark wasps (Depths:3)
  14 ettins
  10 eleionomae
  4 deep elf death magi
  17 fire dragons
  A green death (Swamp:4)
  A crystal guardian (Vaults:3)
  3 small abominations
  Josephine (Orc:1)
  3 deep elf high priests (Vaults:5)
  14 yaktaur captains
  31 vault guards
  11 great orbs of eyes
  7 rakshasas
  21 ice dragons
  9 boulder beetles
  13 naga warriors
  2 ghost crabs
  4 spriggan air magi
  12 centaur warriors
  19 hydras
  46 two-headed ogres
  6 dancing weapons
  4 catoblepae
  16 anacondas
  A two-headed ogre (shapeshifter) (Vaults:5)
  10 alligators
  6 death knights
  12 tengu warriors
  4 deep troll shamans
  The ghost of rnawigator the Grappler, a novice DrTm of Wu Jian (D:10)
  An alligator (shapeshifter) (Vaults:3)
  A queen ant (Lair:5)
  A death yak (IceCv)
  2 vampire magi
  15 ogre magi
  7 deep troll earth magi
  An orc high priest (Orc:2)
  2 spriggan berserkers
  8 hell knights
  15 shock serpents
  A titan skeleton (Vaults:3)
  A large abomination (Vaults:3)
  13 naga sharpshooters
  11 deep elf knights
  2 sixfirhies
  7 salamander mystics
  4 soul eaters
  12 skeletal warriors
  4 shadow wraiths
  Nergalle (Lair:2)
  6 spriggan druids
  17 deep trolls
  A goliath frog (shapeshifter) (Vaults:5)
  4 goliath frogs
  12 wizards
  A swamp dragon (shapeshifter) (Vaults:5)
  A flayed ghost (Vaults:5)
  9 naga ritualists
  An orange crystal statue (D:11)
  10 swamp dragons
  12 ironbrand convokers
  An unseen horror (Vaults:1)
  An unseen horror (shapeshifter) (Vaults:3)
  A sea snake (Snake:4)
  13 deep elf archers
  A glowing orange brain (shapeshifter) (Depths:3)
  2 bog bodies
  A glowing orange brain (Vaults:2)
  3 wolf spider zombies
  4 lindwurms
  3 harpies (Vaults:2)
  7 orc knights
  34 ugly things
  A fire giant zombie (Vaults:1)
  4 phantasmal warriors
  5 necromancers
  An orb spider (shapeshifter) (D:15)
  15 mana vipers
  12 cyclopes
  A stone giant zombie (Vaults:1)
  4 manticores
  10 orc sorcerers
  4 wolf spiders
  9 will-o-the-wisps
  23 salamanders
  27 deep elf magi
  21 moths of wrath
  The ghost of bl3nd3r the Basher, a novice GrFi of Zin (D:5)
  18 elephants
  Maurice (Orc:1)
  50 black mambas
  8 guardian serpents
  22 naga magi
  15 vault sentinels
  13 cane toads
  A smoke demon (Depths:5)
  A cane toad (shapeshifter) (Depths:4)
  5 torpor snails (Lair:6)
  3 gargoyles
  2 rime drakes
  2 yaktaur zombies (Vaults:1)
  2 orange demons (Swamp:4)
  15 komodo dragons
  5 spectral swamp worms (Depths:2)
  39 yaktaurs
  2 kobold demonologists (D:15)
  11 freezing wraiths
  A redback zombie (D:15)
  A yaktaur (shapeshifter) (Vaults:1)
  5 red devils (Depths:5)
  6 hellwings
  A guardian mummy (D:14)
  2 ice devils (Lair:4)
  22 polar bears
  3 meliai (D:13)
  9 tengu conjurers
  10 trolls
  3 bloated husks
  A queen bee (shapeshifter) (Vaults:2)
  A jumping spider (shapeshifter) (Vaults:1)
  A troll (shapeshifter) (Vaults:1)
  18 slime creatures
  18 tyrant leeches
  19 hornets
  A snapping turtle (shapeshifter) (Vaults:5)
  A raiju (shapeshifter) (Depths:2)
  16 blink frogs
  6 raiju
  A dream sheep (shapeshifter) (Depths:3)
  9 dream sheep (Lair:6)
  Sigmund (D:3)
  2 meliai zombies
  12 wraiths
  A redback (shapeshifter) (Vaults:5)
  6 spriggans
  5 shadows
  6 wyverns
  A fire bat (shapeshifter) (Vaults:2)
  82 yaks
  A hog (shapeshifter) (Depths:4)
  4 hogs (D:15)
  A basilisk (Lair:4)
  A golden eye (shapeshifter) (Depths:1)
  A fire elemental (Depths:2)
  A neqoxec (Swamp:4)
  16 wargs
  12 vampire mosquitoes
  12 swamp worms
  44 nagas
  13 soldier ants (Lair:5)
  2 acid dragons
  20 water moccasins
  13 hell hounds (Lair:6)
  2 floating eyes (D:15)
  Duvessa (D:7)
  7 swamp drakes
  23 orc warriors
  An eye of draining (D:15)
  2 eyes of draining (shapeshifter)
  2 hornet zombies
  15 black bears
  3 ice beasts
  3 sky beasts
  35 ogres
  9 boggarts
  41 wolves
  18 centaurs
  3 big kobolds
  An elf zombie (Ossuary)
  26 bullfrogs
  Dowan (D:7)
  2 human skeletons
  A wyvern zombie (D:14)
  10 scorpions
  A water moccasin skeleton (D:10)
  10 killer bees
  17 wights
  2 human simulacra
  An electric eel (Lair:1)
  4 crimson imps (Depths:5)
  6 centaur zombies
  3 jellies
  3 quasits
  10 hounds
  Crazy Yiuf (D:2)
  5 human zombies
  19 orc priests
  43 orc wizards
  11 centaur skeletons
  7 iguanas
  Jessica (D:2)
  21 worker ants
  Natasha (twice) (D:3)
  7 hell rats (Lair:4)
  A big kobold zombie (Ossuary)
  A hound zombie (D:9)
  A hound skeleton (D:7)
  6 mummies
  2 worker ant zombies
  Robin (D:3)
  8 gnolls
  27 adders
  A river rat (D:5)
  A shadow imp (D:7)
  3 white imps
  4 ufetubi
  An ooze (D:3)
  3 adder skeletons
  4 worms
  3 dart slugs
  2 leopard geckos
  114 orcs
  10 bats
  6 giant cockroaches
  2 gnoll zombies (D:5)
  15 goblins
  12 hobgoblins
  16 jackals
  7 quokkas
  10 ball pythons
  4 frilled lizards
  A goblin zombie (Ossuary)
  2 hobgoblin zombies (Ossuary)
  2 jackal zombies (Ossuary)
  21 kobolds
  2 orc zombies (Ossuary)
  12 rats
  4 crawling corpses
2366 creatures vanquished.

Vanquished Creatures (collateral kills)
  Sojobo (Vaults:2)
  A golden dragon (Zot:2)
  Rupert (Vaults:4)
  A death cob (Depths:5)
  A tengu reaver (Vaults:2)
  A nagaraja (Snake:4)
  An ironheart preserver (Vaults:1)
  A vampire knight (Vaults:4)
  A deep elf demonologist (Vaults:1)
  2 entropy weavers (Lair:5)
  A deep elf annihilator (Vaults:1)
  A fire dragon (Lair:3)
  A great orb of eyes (Vaults:1)
  A hydra (Lair:2)
  2 anacondas (Snake:4)
  2 naga warriors
  Erica (Orc:1)
  2 shock serpents (Snake:2)
  A salamander mystic (Snake:4)
  2 ironbrand convokers (Vaults:1)
  A necromancer (Vaults:4)
  2 orc knights
  A lindwurm (Snake:4)
  A deep elf mage (Vaults:4)
  A mana viper (shapeshifter) (Vaults:1)
  5 black mambas
  2 moths of wrath (Zot:2)
  7 naga magi
  A stone giant skeleton (Vaults:4)
  2 guardian serpents
  2 yaktaurs (Vaults:4)
  A yak (Lair:2)
  5 nagas
  A warg (Snake:3)
  6 soldier ants (Lair:5)
  5 orc warriors (Orc:1)
  A wolf (Lair:2)
  2 ogres (Orc:1)
  4 orc priests
  4 orc wizards
  4 worker ants (Lair:5)
  An adder zombie (D:10)
  15 orcs
99 creatures vanquished.

Vanquished Creatures (others)
  Asterion (Vaults:2)
  A death cob (Zot:1)
  2 tengu reavers
  A fenstrider witch (Swamp:4)
  A fire giant (Vaults:3)
  A draconian knight (Zot:5)
  A stone giant (Depths:3)
  A bunyip (Swamp:2)
  A fire dragon (Depths:3)
  A boulder beetle (Vaults:3)
  A deep troll (Depths:3)
  An unseen horror (shapeshifter) (D:13)
  An unseen horror (D:15)
  A naga ritualist (Snake:4)
  2 deep elf magi
  2 bloated husks (Swamp:4)
  A boggart (Vaults:3)
  An orc priest (Orc:2)
  An orc (Snake:3)
  50 foxfires
  50 fungi
  75 plants
197 creatures vanquished.

Grand Total: 2662 creatures vanquished

Notes
Turn   | Place    | Note
-------+----------+-------------------------------------------
     0 | D:1      | Aviak the Deep Dwarf Fighter began the quest for the Orb.
     0 | D:1      | Reached XP level 1. HP: 20/20 MP: 1/1
   146 | D:1      | Reached XP level 2. HP: 25/27 MP: 2/2
   375 | D:2      | Found a faded altar of an unknown god.
   415 | D:2      | Found a runed translucent door.
   416 | D:2      | Noticed Crazy Yiuf
   555 | D:2      | Reached XP level 3. HP: 21/34 MP: 3/3
   860 | D:2      | Reached XP level 4. HP: 31/42 MP: 4/4
   871 | D:2      | Reached skill level 4 in Shields
  1089 | D:2      | Killed Crazy Yiuf
  1090 | D:2      | Reached XP level 5. HP: 18/49 MP: 5/5
  1121 | D:3      | Noticed Jessica
  1131 | D:2      | Killed Jessica
  1395 | D:3      | Reached XP level 6. HP: 28/56 MP: 6/6
  1412 | D:3      | Noticed Sigmund
  1417 | D:3      | Noticed Robin
  1423 | D:3      | Killed Sigmund
  1424 | D:3      | Reached skill level 5 in Armour
  1424 | D:3      | Reached skill level 5 in Shields
  1427 | D:3      | Killed Robin
  1506 | D:3      | Noticed Natasha
  1509 | D:3      | Killed Natasha
  1818 | D:3      | Noticed Natasha
  1822 | D:3      | Killed Natasha
  1823 | D:3      | Reached XP level 7. HP: 26/66 MP: 7/7
  1944 | D:4      | Got a dazzling trident
  1945 | D:4      | Identified the +1 trident of Youthful Indiscretion
                  | {antimagic, *Rage rN+ Dex+7} (You found it on level 4 of
                  | the Dungeon)
  2081 | D:4      | Found Wulaarphi's Mass Market.
  2092 | D:4      | Found Jozodeas's Book Shop.
  2339 | D:4      | Reached skill level 5 in Axes
  2715 | D:4      | Found a burning altar of Makhleb.
  2728 | D:4      | Reached skill level 6 in Shields
  2732 | D:4      | Became a worshipper of Makhleb the Destroyer
  2928 | D:5      | Entered Level 5 of the Dungeon
  2928 | D:5      | Found a runed translucent door.
  2972 | D:5      | Noticed bl3nd3r's ghost (novice GrFi)
  2985 | D:5      | Reached skill level 5 in Fighting
  2985 | D:5      | Killed bl3nd3r's ghost
  2986 | D:5      | Reached XP level 8. HP: 48/75 MP: 6/6
  2999 | D:5      | Found a runed translucent door.
  3073 | D:5      | Found a sand-covered staircase.
  3132 | Ossuary  | Entered an ossuary
  3410 | D:5      | Found a basalt altar of Yredelemnul.
  3486 | D:5      | Found a broken altar of Ashenzari.
  3667 | D:6      | Reached skill level 7 in Shields
  3674 | D:6      | Found a staircase to the Ecumenical Temple.
  3709 | D:6      | Found a white marble altar of Elyvilon.
  3725 | D:6      | Reached * piety under Makhleb
  3861 | D:7      | Noticed a troll
  3866 | D:7      | Noticed Duvessa
  3878 | D:7      | Noticed Dowan
  3879 | D:7      | Killed a troll
  3880 | D:7      | Gained mutation: You passively map the area around you.
                  | [Deep Dwarf growth]
  3880 | D:7      | Reached XP level 9. HP: 63/82 MP: 6/6
  3893 | D:7      | Found a shadowy altar of Dithmenos.
  3968 | D:7      | Found an opulent altar of Gozag.
  3977 | D:7      | Killed Duvessa
  3993 | D:7      | Killed Dowan
  4024 | D:7      | Reached ** piety under Makhleb
  4039 | D:7      | Reached skill level 8 in Shields
  4080 | D:7      | Found a flagged portal.
  4114 | Bailey   | Entered a bailey
  4122 | Bailey   | Noticed an orc warlord
  4161 | Bailey   | Noticed an orc knight
  4180 | Bailey   | Gained mutation: Your body sometimes deteriorates upon
                  | taking damage. [potion of mutation]
  4180 | Bailey   | Gained mutation: You have a pair of small horns on your
                  | head. [potion of mutation]
  4180 | Bailey   | Gained mutation: You are frail. (-10% HP) [potion of
                  | mutation]
  4292 | D:7      | Found a hide-covered altar of Uskayaw.
  4346 | D:7      | Found Xoapith's Assorted Antiques.
  4349 | D:7      | Bought a polished flail for 170 gold pieces
  4349 | D:7      | Identified the +9 flail of Evil {elec, Will++} (You bought
                  | it in a shop on level 7 of the Dungeon)
  4730 | D:8      | Found Neineen's Lightly-Used Armoury.
  4761 | D:8      | Reached skill level 1 in Maces & Flails
  4761 | D:8      | Reached skill level 1 in Invocations
  4795 | D:8      | Reached XP level 10. HP: 65/84 MP: 6/6
  4807 | D:8      | Got a translucent hand axe
  4808 | D:8      | Identified the +7 hand axe of Corporal Punishment
                  | {antimagic, *Rage rC+ Int+4} (You found it on level 8 of
                  | the Dungeon)
  5180 | D:8      | Found a shimmering blue altar of Sif Muna.
  5309 | D:8      | Found a staircase to the Lair.
  5378 | D:8      | Found a stormy altar of Qazlal.
  5475 | D:9      | Found a staircase to the Orcish Mines.
  5487 | D:9      | Reached *** piety under Makhleb
  5579 | D:9      | Found a bloodstained altar of Trog.
  5886 | D:10     | Entered Level 10 of the Dungeon
  5890 | D:10     | Found Canuro's Weapon Shop.
  6029 | D:10     | Found a runed translucent gate.
  6030 | D:10     | Found a runed translucent gate.
  6030 | D:10     | Found a runed translucent gate.
  6030 | D:10     | Noticed rnawigator's ghost (novice DrTm)
  6037 | D:10     | Noticed a two-headed ogre
  6047 | D:10     | Killed a two-headed ogre
  6048 | D:10     | Reached skill level 9 in Shields
  6073 | D:10     | Killed rnawigator's ghost
  6074 | D:10     | Reached skill level 5 in Maces & Flails
  6264 | D:10     | Found Exzierig's Antique Weapon Shop.
  6272 | D:10     | Found Zab Nuc's Jewellery Boutique.
  6282 | D:10     | Reached skill level 5 in Invocations
  6291 | D:10     | Reached XP level 11. HP: 77/92 MP: 9/9
  6294 | D:10     | Reached **** piety under Makhleb
  6734 | Lair:1   | Entered Level 1 of the Lair of Beasts
  6816 | Lair:1   | Reached skill level 1 in Dodging
  6969 | Lair:1   | Noticed a seven-headed hydra
  6976 | Lair:1   | Killed a seven-headed hydra
  7039 | Lair:1   | Reached skill level 10 in Armour
  7052 | Lair:1   | Reached skill level 10 in Shields
  7116 | Lair:1   | Noticed an eight-headed hydra
  7135 | Lair:1   | Killed an eight-headed hydra
  7402 | Lair:2   | Noticed a seven-headed hydra
  7417 | Lair:2   | Killed a seven-headed hydra
  7433 | Lair:2   | Noticed Nergalle
  7441 | Lair:2   | Killed Nergalle
  7545 | Lair:2   | Reached XP level 12. HP: 89/99 MP: 11/11
  8257 | Lair:3   | Noticed Gastronok
  8271 | Lair:3   | Killed Gastronok
  8339 | Lair:3   | Found a staircase to the Snake Pit.
  8352 | Lair:3   | Reached skill level 11 in Shields
  8381 | Lair:3   | Reached skill level 10 in Maces & Flails
  8401 | Lair:3   | Reached ***** piety under Makhleb
  8521 | Lair:3   | Found a radiant altar of Vehumet.
  8606 | Lair:3   | Reached XP level 13. HP: 96/105 MP: 14/14
  8660 | Lair:3   | Found a runed translucent gate.
  8660 | Lair:3   | Found a runed translucent gate.
  8660 | Lair:3   | Found a runed translucent gate.
  8661 | Lair:3   | Noticed a death ooze
  8663 | Lair:3   | Noticed Foabaekk's ghost (journeyman GrMo)
  8685 | Lair:3   | Found a viscous altar of Jiyva.
  8727 | Lair:3   | Found a staircase to the Swamp.
  8862 | Lair:3   | Reached skill level 10 in Invocations
  8938 | Lair:3   | Noticed a fire dragon
  8952 | Lair:3   | Killed a fire dragon
  9561 | Lair:4   | Got a transparent war axe
  9562 | Lair:4   | Identified the +2 war axe "Dwarf's Curse" {chaos, SInv}
                  | (You found it on level 4 of the Lair of Beasts)
  9873 | Lair:4   | Found a frozen archway.
  9899 | IceCv    | Entered an ice cave
  9945 | IceCv    | Found the +5 sword of Power {vorpal}
 10061 | IceCv    | Reached ****** piety under Makhleb
 10065 | IceCv    | Reached skill level 12 in Shields
 10198 | IceCv    | Noticed a frost giant
 10226 | IceCv    | Killed a frost giant
 10827 | Lair:5   | Found an ornate altar of the Wu Jian Council.
 10920 | Lair:5   | Noticed an entropy weaver
 10924 | Lair:5   | Noticed an entropy weaver
 10938 | Lair:5   | Killed an entropy weaver
 10946 | Lair:5   | Killed an entropy weaver
 10988 | Lair:5   | Gained mutation: You resist negative energy. (rN+) [Deep
                  | Dwarf growth]
 10988 | Lair:5   | Reached XP level 14. HP: 113/113 MP: 16/16
 11054 | Lair:5   | Identified the Handbook of the Birds and Execration
 11636 | Lair:6   | Entered Level 6 of the Lair of Beasts
 11639 | Lair:6   | Found a staircase to the Slime Pits.
 11639 | Lair:6   | Found a viscous altar of Jiyva.
 12018 | Lair:6   | Reached skill level 13 in Shields
 12897 | Lair:6   | Found a runed translucent door.
 13009 | Lair:6   | Reached XP level 15. HP: 85/121 MP: 18/18
 13023 | Lair:6   | Paralysed by a hornet for 2 turns
 13032 | Lair:6   | Paralysed by a hornet for 1 turns
 13359 | Orc:1    | Entered Level 1 of the Orcish Mines
 13359 | Orc:1    | Noticed Maurice
 13360 | Orc:1    | Noticed Josephine
 13383 | Orc:1    | Killed Josephine
 13393 | Orc:1    | Killed Maurice
 13394 | Orc:1    | Reached skill level 5 in Dodging
 13502 | Orc:2    | Entered Level 2 of the Orcish Mines
 13523 | Orc:1    | Noticed Erica
 13538 | Orc:1    | Killed Erica
 13705 | Orc:1    | Found a roughly hewn altar of Beogh.
 13991 | Orc:2    | Found Poplec's Weapon Shoppe.
 14136 | Orc:2    | Found a staircase to the Elven Halls.
 14339 | Orc:2    | Reached skill level 1 in Evocations
 14421 | Orc:2    | Found Joafy's Gadget Shop.
 14445 | Orc:2    | Bought a tin of tremorstones (2/2) for 720 gold pieces
 14445 | Orc:2    | Bought a wand of acid (12) for 576 gold pieces
 14455 | Orc:2    | Found Ginlesypt's Weapon Shoppe.
 14492 | Orc:2    | Found a roughly hewn altar of Beogh.
 14589 | Orc:2    | Found Ymadocs's Book Shop.
 14613 | Orc:2    | Found Osiam's General Store.
 14618 | Orc:2    | Reached skill level 14 in Shields
 14652 | Orc:2    | Bought a scroll of identify for 24 gold pieces
 14652 | Orc:2    | Bought a potion of invisibility for 96 gold pieces
 14928 | D:11     | Found a runed translucent door.
 15218 | D:11     | Found a runed translucent door.
 15230 | D:11     | Found a runed translucent door.
 15257 | D:11     | Found a runed translucent door.
 15960 | D:13     | Reached skill level 10 in Fighting
 16031 | D:13     | Found a gate to the Vaults.
 16107 | D:13     | Reached skill level 5 in Evocations
 16372 | D:13     | Found a shimmering altar of Xom.
 16372 | D:13     | Found a shimmering altar of Xom.
 16372 | D:13     | Found a shimmering altar of Xom.
 16372 | D:13     | Found a shimmering altar of Xom.
 16852 | D:14     | Reached XP level 16. HP: 123/132 MP: 20/20
 17366 | D:8      | Bought -2 gold dragon scales for 980 gold pieces
 17469 | Snake:1  | Entered Level 1 of the Snake Pit
 17620 | Snake:1  | Found Raeseewu's General Store.
 17631 | Snake:1  | Bought a scroll of teleportation for 42 gold pieces
 17631 | Snake:1  | Bought a scroll of identify for 28 gold pieces
 17761 | Snake:1  | Reached skill level 15 in Shields
 17875 | Snake:1  | Found a runed translucent gate.
 17875 | Snake:1  | Found a runed translucent gate.
 17875 | Snake:1  | Found a runed translucent gate.
 17876 | Snake:1  | Found an opulent altar of Gozag.
 17876 | Snake:1  | Found Kuppur Buust's Assorted Antiques.
 17876 | Snake:1  | Noticed TuffENuff's ghost (adept FoFi)
 17917 | Snake:1  | Found Gess's Jewellery Shop.
 18052 | Snake:1  | Found Onukhatry's Weapon Shop.
 18557 | Snake:2  | Found a transporter.
 18751 | Snake:2  | Found Nuolown's Assorted Antiques.
 18754 | Snake:2  | Bought a scroll labelled YBOBOPHUADEU for 37 gold pieces
 18754 | Snake:2  | Bought a scroll of enchant armour for 277 gold pieces
 18982 | Snake:2  | Found a transporter.
 19021 | Snake:2  | Reached skill level 10 in Evocations
 19047 | Snake:2  | Got a coiled brass ring
 19050 | Snake:2  | Got a slimy lead amulet
 19060 | Snake:2  | Got a sparkling ivory ring
 19086 | Snake:2  | Identified the amulet of Omikh {Spirit rF+ rC+ MP-9} (You
                  | found it on level 2 of the Snake Pit)
 19087 | Snake:2  | Identified the ring of Xom's Flight of Fancy {Int+2 Stlth+}
                  | (You found it on level 2 of the Snake Pit)
 19089 | Snake:2  | Identified the ring of Gozag's Favour {rPois Str+3 Int+4}
                  | (You found it on level 2 of the Snake Pit)
 19539 | Snake:3  | Reached XP level 17. HP: 89/143 MP: 19/19
 19548 | Snake:3  | Noticed Saint Roka
 19568 | Snake:3  | Reached skill level 15 in Armour
 19709 | Snake:3  | Killed Saint Roka
 19816 | Snake:3  | Found Somutew's Assorted Antiques.
 19825 | Snake:3  | Bought a scroll of identify for 40 gold pieces
 19825 | Snake:3  | Bought a yellow potion for 18 gold pieces
 19850 | Snake:3  | Found a stormy altar of Qazlal.
 20100 | Snake:4  | Entered Level 4 of the Snake Pit
 20774 | Snake:4  | Found an iron altar of Okawaru.
 21197 | Snake:4  | Gained mutation: You passively map a large area around you.
                  | [Deep Dwarf growth]
 21197 | Snake:4  | Reached XP level 18. HP: 82/153 MP: 20/20
 21267 | Snake:4  | Got a serpentine rune of Zot
 21845 | D:15     | Entered Level 15 of the Dungeon
 21874 | D:15     | Paralysed by a floating eye for 3 turns
 21896 | D:15     | Found Birghos's Distillery.
 21905 | D:15     | Bought a potion of curing for 48 gold pieces
 21905 | D:15     | Bought a potion of curing for 48 gold pieces
 21905 | D:15     | Bought a potion of might for 64 gold pieces
 21915 | D:15     | Found a transporter.
 22012 | D:15     | Found Urasaigh's Antique Weapon Boutique.
 22019 | D:15     | Found a transporter.
 22177 | D:15     | Found Inetyank's Distillery.
 22184 | D:15     | Bought a potion of haste for 140 gold pieces
 22184 | D:15     | Bought a potion of haste for 140 gold pieces
 22259 | D:15     | Lost mutation: You have a pair of small horns on your head.
                  | [potion of mutation]
 22259 | D:15     | Lost mutation: You are frail. (-10% HP) [potion of
                  | mutation]
 22259 | D:15     | Lost mutation: Your body sometimes deteriorates upon taking
                  | damage. [potion of mutation]
 22259 | D:15     | Gained mutation: Your magical capacity is low. (-10% MP)
                  | [potion of mutation]
 22259 | D:15     | Gained mutation: You are resistant to electric shocks.
                  | (rElec) [potion of mutation]
 22259 | D:15     | Gained mutation: You are weak. (Str -2) [potion of
                  | mutation]
 22259 | D:15     | Gained mutation: You are somewhat resistant to further
                  | mutation. [potion of mutation]
 22341 | D:15     | Noticed Kirke
 22360 | D:15     | Reached skill level 15 in Evocations
 22375 | D:15     | Killed Kirke
 22384 | D:15     | Got a shimmering golden ring
 22386 | D:15     | Identified the ring of Gonlyrru {rPois rN+} (You found it
                  | on level 15 of the Dungeon)
 22540 | D:15     | Got a flickering lead ring
 22542 | D:15     | Identified the cursed ring of Agnosticism {rN+++ EV-4 Str-2
                  | Int+4 Dex-3} (You found it on level 15 of the Dungeon)
 22630 | D:15     | Found a staircase to the Depths.
 22873 | D:15     | Got a wavering lead ring
 22877 | D:15     | Identified the ring "Yraumyu" {Will+ Int+8} (You found it
                  | on level 15 of the Dungeon)
 23108 | Swamp:1  | Entered Level 1 of the Swamp
 23367 | Swamp:1  | Got a pitted whip
 23368 | Swamp:1  | Identified the +6 whip of the Lesser Evil {speed, *Corrode
                  | rF+ Str+2 Int+2} (You found it on level 1 of the Swamp)
 23884 | Swamp:2  | Reached XP level 19. HP: 183/183 MP: 17/17
 24844 | Swamp:4  | Entered Level 4 of the Swamp
 25080 | Swamp:4  | Reached skill level 15 in Invocations
 25284 | Swamp:4  | Reached skill level 15 in Fighting
 25560 | Swamp:4  | Got a decaying rune of Zot
 25947 | Vaults:1 | Entered Level 1 of the Vaults
 26611 | Vaults:1 | Reached XP level 20. HP: 124/195 MP: 19/19
 27113 | D:10     | Bought a broad axe for 84 gold pieces
 27830 | Vaults:2 | Noticed Asterion
 27854 | Vaults:2 | Killed Asterion
 27886 | Vaults:2 | Noticed Sojobo
 27924 | Vaults:2 | Killed Sojobo
 28367 | Vaults:2 | Reached skill level 10 in Axes
 29165 | Vaults:3 | Reached XP level 21. HP: 206/206 MP: 17/17
 29816 | Vaults:3 | Found a staircase to the Crypt.
 30069 | Vaults:3 | Found Fasehoepn's Distillery.
 30092 | Vaults:3 | Bought 2 potions of haste for 240 gold pieces
 30092 | Vaults:3 | Bought a potion of haste for 120 gold pieces
 30297 | Vaults:4 | Noticed Frederick
 30299 | Vaults:4 | Noticed Rupert
 30319 | Vaults:4 | Killed Frederick
 30323 | Vaults:4 | Killed Rupert
 30554 | Vaults:4 | Identified a scroll of acquirement
 30636 | Vaults:4 | Found Litunn's General Store.
 30639 | Vaults:4 | Bought a scroll of enchant armour for 112 gold pieces
 30642 | Vaults:4 | Acquired a +6 ring of strength
 30870 | Vaults:4 | Found a runed translucent gate.
 30870 | Vaults:4 | Found a runed translucent gate.
 30872 | Vaults:4 | Found a runed translucent gate.
 30873 | Vaults:4 | Noticed PeterLawrence's ghost (veteran MiFi)
 31481 | Vaults:4 | Killed PeterLawrence's ghost
 31482 | Vaults:4 | Reached XP level 22. HP: 138/217 MP: 16/16
 31605 | Vaults:5 | Entered Level 5 of the Vaults
 31610 | Vaults:5 | Noticed a golden dragon
 31611 | Vaults:5 | Reached skill level 16 in Shields
 31621 | Vaults:5 | Killed a golden dragon
 31631 | Vaults:5 | Reached skill level 15 in Axes
 31646 | Vaults:5 | Noticed Margery
 31656 | Vaults:5 | Reached skill level 17 in Shields
 31658 | Vaults:5 | Killed Margery
 31665 | Vaults:5 | Reached XP level 23. HP: 230/230 MP: 0/17
 31729 | Vaults:5 | Identified the ring of Voangyc {Fire rElec MP+9 Str-5
                  | Int+8} (You found it on level 5 of the Vaults)
 31798 | Vaults:5 | Found the +8 glaive of the Guard {elec, spectral, AC+5}
 32235 | Vaults:5 | Found the ring of the Mage {Wiz Will++ Int+3}
 32422 | Vaults:5 | Identified Vyibeli's Catalogue of Circular Logic
 32495 | Vaults:5 | Identified the ring of Xownoole {rF+ Int+4 Dex+3} (You
                  | found it on level 5 of the Vaults)
 32528 | Vaults:5 | Got a silver rune of Zot
 32594 | Vaults:5 | Identified the ring of Sunlight {Wiz rF++ Int+4}
 33034 | Depths:1 | Entered Level 1 of the Depths
 33034 | Depths:1 | Found a one-way gate to the infinite horrors of the Abyss.
 33182 | Depths:1 | Reached skill level 18 in Shields
 33367 | Depths:1 | Found a gateway to Hell.
 33464 | Depths:1 | Found a white marble altar of Elyvilon.
 33464 | Depths:1 | Found a glowing golden altar of the Shining One.
 33465 | Depths:1 | Found a glowing silver altar of Zin.
 33577 | Depths:1 | Found a one-way gate leading to the halls of Pandemonium.
 34290 | Depths:2 | Found the +8 arc blade {discharge, rElec}
 34305 | Depths:2 | Found a gateway to a ziggurat.
 34907 | Depths:3 | Noticed Aizul
 34936 | Depths:3 | Killed Aizul
 35022 | Depths:3 | Reached XP level 24. HP: 243/243 MP: 0/17
 35106 | Depths:3 | Reached skill level 19 in Shields
 35131 | Depths:3 | Noticed Nikola
 35150 | Depths:3 | Killed Nikola
 35373 | Depths:3 | Found Veakkuaf's Magic Scroll Emporium.
 35377 | Depths:3 | Bought a scroll of teleportation for 45 gold pieces
 35377 | Depths:3 | Bought a scroll of blinking for 112 gold pieces
 35377 | Depths:3 | Bought a scroll of enchant weapon for 112 gold pieces
 35377 | Depths:3 | Bought a scroll of enchant weapon for 112 gold pieces
 35670 | Depths:3 | Found a stormy altar of Qazlal.
 36178 | Depths:4 | Reached skill level 20 in Shields
 36514 | Depths:5 | Entered Level 5 of the Depths
 37240 | Depths:5 | Reached XP level 25. HP: 256/256 MP: 0/17
 37283 | Depths:5 | Found a gate to the Realm of Zot.
 37311 | Zot:1    | Entered Level 1 of the Realm of Zot
 37396 | Zot:1    | Reached skill level 21 in Shields
 38284 | Zot:2    | Reached skill level 22 in Shields
 38645 | Zot:3    | Reached XP level 26. HP: 263/271 MP: 0/15
 38770 | Zot:4    | Reached skill level 23 in Shields
 39025 | Zot:5    | Entered Level 5 of the Realm of Zot
 39116 | Zot:5    | Noticed an orb of fire
 39136 | Zot:5    | Gained mutation: You tend to lose your temper in combat.
                  | [an orb of fire]
 39141 | Zot:5    | Killed an orb of fire
 39266 | Zot:5    | Found a runed translucent gate.
 39266 | Zot:5    | Found a runed translucent gate.
 39266 | Zot:5    | Found a runed translucent gate.
 39269 | Zot:5    | Noticed Dirian's ghost (legendary MiFi)
 39562 | Zot:5    | Reached skill level 24 in Shields
 39567 | Zot:5    | Noticed an ancient lich
 39577 | Zot:5    | Noticed an orb of fire
 39581 | Zot:5    | Noticed an orb of fire
 39583 | Zot:5    | Noticed an orb of fire
 39585 | Zot:5    | Noticed an orb of fire
 39586 | Zot:5    | Noticed an ancient lich
 39589 | Zot:5    | Noticed an ancient lich
 39590 | Zot:5    | Noticed an orb of fire
 39608 | Zot:5    | HP: 8/258 [ancient lich/bolt of lightning (10)]
 39615 | Zot:5    | Paralysed by an ancient lich for 4 turns
 39618 | Zot:5    | HP: 12/256 [ancient lich (8)]
 39619 | Zot:5    | Blown up by an ancient lich

Illustrated notes

Levels and vault maps discovered:
D:1:      amcnicky_arrival_double_pillar, layout_rooms, st_stairs_4,
          minivault_25
D:2:      layout_rooms, chequers_ecumenical_altar_simple, minmay_snake_closets,
          uniq_crazy_yiuf_cottage
D:3:      layout_loops_cross, uniq_sigmund, uniq_jessica, uniq_natasha,
          uniq_robin
D:4:      minmay_octagon_keep, layout_loops_corners,
          makhleb_blood_cavern_becter, serial_shops,
          nicolae_shop_temple_entry_statues_fountains, serial_bayou,
          serial_bayou_pond_d, serial_bayou_pond_a, serial_bayou_pond_d,
          serial_bayou_pond_c, serial_bayou_pond_a, serial_bayou_pond_d,
          minmay_shop_mass, roderic_roman_lattice
D:5:      layout_cave_pools, nicolae_overflow_crystal_walls,
          lemuel_zombie_altar_yredelemnul, chequers_ossuary_entry_cave,
          ebering_ghost_sewer_f
D:6:      old_forge, layout_basic, old_standard_altar,
          minmay_temple_entry_overgrown, serial_shops, shop, shop
D:7:      layout_loops_ring, nicolae_gozag_seed_capital,
          eat_drink_and_be_merry_uskayaw, enter_bailey_4, serial_shops,
          nicolae_shop_behind_doors, nicolae_dithmenos_through_a_glass_darkly,
          uniq_duvessa
D:8:      layout_basic, lemuel_coloured_pillars_altar, lemuel_round_altar,
          due_lair_maze_entry_diamond, minmay_shop_damaged,
          nicolae_qazlal_eye_of_the_storm
D:9:      layout_roguey, david_orc_2, basic_altar, corexii_corridor_pit
D:10:     layout_long_grid, serial_shops, shop, nicolae_shop_trees, shop_statue,
          gammafunk_ghost_split
D:11:     layout_rooms, minmay_statue_crystal_thing
D:12:     layout_rooms
D:13:     layout_roguey, erik_vaults_1, xom_shifter_show
D:14:     layout_irregular_city, serial_undead, serial_undead_e,
          serial_undead_f, serial_undead_c, serial_undead_a, serial_undead_c,
          serial_undead_b, serial_park_avenue1, nicolae_wwwww
D:15:     hangedman_spin_cycle
Lair:1:   layout_cave_shapes, st_stairs_12, infiniplex_staircase_pool,
          serial_bayou_shore_a
Lair:2:   layout_cave_pods, uniq_nergalle
Lair:3:   dragon1_lemuel, layout_loops_ring, palyth_hydra_swamp_entry,
          minmay_snake_entry_guardpost_medium, gammafunk_ghost_ooze,
          basic_altar, beast_lair_carwin_11, minmay_lair_oklob_chamber,
          uniq_gastronok
Lair:4:   layout_gridlike, portal_ice_cave_demonic_guard, lemuel_fruit_fields
Lair:5:   layout_regular_city, basic_altar, zaba_anthell, grunt_megastairs_5
Lair:6:   hangedman_lair_caniforms_friends, layout_cellular_growth, wormcave,
          slime_altar_1
Swamp:1:  layout_falls_marsh, evilmike_swamp_ruin_house_3, swamp_pool3,
          st_swamp_ruins_2
Swamp:2:  layout_falls_marsh, nicolae_swamp_very_dense_foliage
Swamp:3:  layout_basic_swamp, nicolae_swamp_fairy_circle
Swamp:4:  nzn_swamp_witches_coven, layout_basic_swamp, swamp_pool1
Snake:1:  layout_grid_shapes, ebering_ghost_gozag, serial_shops,
          nicolae_shop_statue_plus, shop, shop, grunt_ministairs_6
Snake:2:  gammafunk_its_a_trap, layout_cave_shapes, nrook_loot_triangle,
          nicolae_large_snake_swirl, minmay_shop_star, serial_bayou_shore_b,
          serial_bayou_shore_b
Snake:3:  layout_rooms, basic_altar, serial_shops, nicolae_shop_window_shopping,
          uniq_saint_roka, uniq_kirke
Snake:4:  snake_pit_salamanders_mu, layout_concentric_octagons, basic_altar,
          drop_trap, nicolae_snake_springs
Orc:1:    layout_caves, minmay_orc_temple_b, uniq_erica, uniq_josephine,
          uniq_maurice
Orc:2:    st_orc_town, layout_caves, serial_shops, shop_statue
Vaults:1: ontoclasm_vaults_bender, hangedman_vaults_unwind, v_rooms_4,
          vaults_room_grunt_arrival_ludios, hangedman_vaults_river_flow,
          v_misc_33, hangedman_vaults_pinch, nicolae_vaults_circle_grid_b,
          v_misc_25, st_cells, vaults_room_semicircle, layout_vaults_ring
Vaults:2: vaults_room_octagon, hangedman_vaults_nails,
          nicolae_vaults_yaktaur_gun_rack, dpeg_vaults_monster_box,
          nicolae_vaults_alarming, vaults_standard_mumra_enter_the_diamond,
          ontoclasm_vaults_eye, layout_vaults_big_room, uniq_asterion,
          uniq_sojobo
Vaults:3: nicolae_vaults_stairing_the_circle, ontoclasm_vaults_shout,
          ontoclasm_vaults_fault, hangedman_vaults_hat, hangedman_vaults_snaps,
          nicolae_vaults_little_squares_2, nicolae_vaults_border_crossing,
          v_misc_23, nicolae_vaults_circle_grid_a, v_misc_30, v_misc_22,
          v_pattern_5, nicolae_vaults_circle_grid_b, blue_anna_dwarven_crypt,
          layout_vaults_maze_bifur, serial_shops, shop
Vaults:4: gammafunk_vaults_ghost_split, nicolae_vaults_triangles,
          ontoclasm_vaults_decontamination, vaults_room_pool,
          nicolae_vaults_specimen_jars, vaults_dpeg_cross,
          nicolae_vaults_shelves_hall, v_rooms_3,
          nicolae_vaults_little_squares_1, sword_in_stone, vaults_room_hallway,
          layout_vaults_omnigrid, serial_shops, nicolae_shop_behind_doors
Vaults:5: uniq_margery
Depths:1: layout_roguey, hell_entry, minmay_misc_feat_tower, pan_entry,
          abyss_entry, dk_noncrumbling_4, minivault_10, hallowed_hall,
          grunt_megastairs_1
Depths:2: minmay_shoctagon, layout_basic, enter_ziggurat_f,
          grunt_decor_junction, rand_demon_pan_entry_5, pf_hell_entry_tar_river,
          infiniplex_staircase_pool_2
Depths:3: regret_index_qazlal_generations, layout_basic, pan_entry,
          serial_shops, shop, hell_entry, hangedman_decor_diamond_cutter,
          minmay_staircase_bubble, uniq_nikola, uniq_aizul
Depths:4: cheibrodos_birdhouse, layout_basic, nicolae_benzene_ring,
          abyss_entry_glasseish, grunt_hell_entry_dis_old,
          kennysheep_just_a_vault
Depths:5: grunt_zot_entry_hairpin, layout_honeycomb, corexii_hall_statues_i,
          hellmouth_2
Zot:1:    lemuel_draconian_sentries_small, layout_cathedral_of_symmetry
Zot:2:    layout_basic
Zot:3:    layout_misc_corridors
Zot:4:    layout_misc_corridors
Zot:5:    layout_onion, gammafunk_ghost_necromancy

Skill      XL: |  1  2  3  4  5  6  7  8  9 10 11 12 13 14 15 16 17 18 19 20 21 22 23 24 25 26 |
---------------+-------------------------------------------------------------------------------+-----
Fighting       | 3 4 5 6 7 8 9 10 11 13 14 15 16 17 18 19 21 22 23 | 23.4
Axes           | 3 4 6 7 11 14 16 17 18 | 18.3
Shields        | 4 5 6 7 8 9 10 11 12 13 14 15 17 18 20 22 24 | 24.0
Armour         | 4 5 6 7 8 9 10 11 12 13 14 16 17 18 19 | 19.1
Maces & Flails | 2 5 8 10 12 13 | 13.3
Invocations    | 2 5 7 9 11 13 14 16 | 16.0
Dodging        | 3 4 7 |  7.2
Evocations     | 6 10 13 15 16 18 | 18.0

Action                   |  1- 3 |  4- 6 |  7- 9 | 10-12 | 13-15 | 16-18 | 19-21 | 22-24 | 25-27 || total
-------------------------+-------+-------+-------+-------+-------+-------+-------+-------+-------++-------
Melee: War axe           |   122 |   167 |   400 |       |       |       |       |       |       ||   689
       Flail             |       |       |    31 |   573 |  1686 |  1629 |   903 |       |       ||  4822
       Headbutt          |       |       |     9 |   151 |   366 |   285 |       |       |       ||   811
       Broad axe         |       |       |       |       |       |       |  1049 |  1210 |   903 ||  3162
Invok: Lesser Servant of |       |       |       |     2 |     2 |     1 |       |       |       ||     5
       Greater Servant o |       |       |       |       |     2 |     4 |     7 |       |     4 ||    17
       Major Destruction |       |       |       |       |     1 |       |       |     1 |       ||     2
       Minor Destruction |       |       |       |       |       |       |     4 |       |       ||     4
 Abil: Heal Wounds       |     1 |     1 |    19 |     7 |     6 |    10 |    11 |       |    14 ||    69
Evoke: Wand              |       |       |     7 |     1 |     2 |    11 |     1 |       |     2 ||    24
       Lightning rod     |       |       |       |       |     6 |    12 |     4 |       |       ||    22
       Box of beasts     |       |       |       |       |     2 |     2 |     2 |       |     1 ||     7
       Tin of tremorston |       |       |       |       |       |     3 |     9 |     3 |     4 ||    19
       Phantom mirror    |       |       |       |       |       |       |     1 |       |     1 ||     2
  Use: Potion            |       |     1 |     3 |     1 |       |     2 |     3 |       |    14 ||    24
       Scroll            |       |       |     9 |     4 |    14 |    17 |    13 |    14 |     9 ||    80
 Stab: Petrified         |       |       |       |       |     9 |       |       |     5 |       ||    14
       Distracted        |       |       |       |       |       |     1 |     3 |       |       ||     4
       Invisible         |       |       |       |       |       |     1 |       |       |       ||     1
       Confused          |       |       |       |       |       |     2 |       |       |       ||     2
       Petrifying        |       |       |       |       |       |       |       |     3 |       ||     3
Armor: Scale mail        |    55 |    85 |   181 |       |   206 |    31 |       |       |       ||   558
       Plate armour      |       |       |    56 |   276 |   369 |       |       |       |       ||   701
       Gold dragon scale |       |       |       |       |       |   857 |  1070 |   660 |   628 ||  3215
Dodge: Dodged            |    45 |    73 |   221 |   141 |   412 |   414 |   396 |   278 |   243 ||  2223
Block: Kite shield       |    78 |   109 |   371 |   525 |  1425 |  1726 |  1439 |       |       ||  5673
       Reflection        |       |       |       |     1 |    46 |   153 |   145 |     1 |       ||   346
       Tower shield      |       |       |       |       |       |       |   291 |  1334 |  1088 ||  2713
